 Dungeon Crawl Stone Soup version 0.28-a0-1567-g1695149f81 (webtiles) character file.

Game seed: 3848746990010887628

17 tatocazan the Stinger (level 2, -2/19 HPs)
             Began as a Demonspawn Venom Mage on Jan 19, 2022.
             Slain by a hobgoblin (3 damage)
             ... on level 1 of the Dungeon.
             The game lasted 00:00:54 (690 turns).

tatocazan the Stinger (Demonspawn Venom Mage)        Turns: 690, Time: 00:00:55

Health: -2/19      AC:  2    Str:  8    XL:     2   Next: 44%
Magic:  3/5        EV: 12    Int: 16    God:
Gold:   14         SH:  0    Dex: 13    Spells: 4/5 levels left

rFire   . . .      SeeInvis .   (no weapon)
rCold   . . .      Faith    .   (no shield)
rNeg    . . .      Spirit   .   a - +0 robe
rPois   .          Reflect  .   (no helmet)
rElec   .          Harm     .   (no cloak)
rCorr   .          Rampage  .   (no gloves)
Will    .....                   (no boots)
Stlth   ++........              (no amulet)
HPRegen 0.06/turn               (no ring)
MPRegen 0.09/turn               (no ring)

@: no status effects
A: claws 1
a: no special abilities


You were on level 1 of the Dungeon.
You visited 1 branch of the dungeon, and saw 1 of its levels.

You collected 14 gold pieces.

Inventory:

Armour
 a - a +0 robe (worn)


   Skills:
 + Level 2.0 Dodging
 + Level 2.1 Stealth
 + Level 2.2 Spellcasting
 + Level 1.2 Transmutations
 + Level 3.1 Poison Magic


You had 4 spell levels left.
You knew the following spells:

 Your Spells              Type           Power      Damage    Failure   Level
a - Sting                 Tmut/Pois      32%        1d4       9%          1

Your spell library contained the following spells:

 Spells                   Type           Power      Damage    Failure   Level
 Poisonous Vapours        Pois/Air       12%        N/A       16%         2
 Mephitic Cloud           Conj/Pois/Air  5%         N/A       36%         3
 Olgreb's Toxic Radiance  Pois           11%        N/A       50%         4


Dungeon Overview and Level Annotations

Branches:
Dungeon (1/15)

Altars:


Innate Abilities, Weirdness & Mutations

You have sharp fingernails.


Message History

Press: ? - help, Shift-Dir - straight line, f/p - hobgoblin
Aim: a hobgoblin (moderately wounded, poisoned, 68% to hit)
The sting hits the hobgoblin.
The hobgoblin looks even sicker.
The hobgoblin is heavily wounded.
The hobgoblin hits you.
A hobgoblin comes into view.
You take 2 damage, and have 17/19 hp.
You now have 2/5 mp.
You scratch the hobgoblin but do no damage.
The hobgoblin is heavily wounded.
The hobgoblin hits you but does no damage.
You closely miss the hobgoblin.
The hobgoblin is severely wounded.
The rat bites you.
The hobgoblin hits you but does no damage.
You take 1 damage, and have 16/19 hp.
You scratch the hobgoblin.
You kill the hobgoblin!
The rat bites you.
You take 2 damage, and have 14/19 hp.
The rat bites you.
You see here a hobgoblin corpse.
You take 2 damage, and have 12/19 hp.
The rat bites you.
Your magical contamination has completely faded away.
You take 1 damage, and have 11/19 hp.
The rat misses you. The hobgoblin hits you.
You take 1 damage, and have 10/19 hp.
The rat barely misses you. The hobgoblin hits you.
You take 3 damage, and have 7/19 hp.
The rat closely misses you. The hobgoblin barely misses you.
The rat closely misses you. The hobgoblin hits you. The rat bites you.
The hobgoblin hits you.
* * * LOW HITPOINT WARNING * * *
The rat barely misses you. The hobgoblin closely misses you.
You take 5 damage, and have 2/19 hp.
MASSIVE DAMAGE!!
The rat misses you. The hobgoblin closely misses you. The rat bites you.
* * * LOW HITPOINT WARNING * * *
The hobgoblin hits you.
You die...

###########..# ####
#............# ...#
#.#########.##
##.#####.# ####...#
..#......####.P#.###
##.#####†##PP..#.#
#.#
#.#.......#######
#.#
#.P♣.P..P........
#.#
#...≈≈..r@#######
#.# #..♣≈≈≈≈.g# #..
...≈≈≈♣≈♣.# ###
..≈♣≈≈≈...#
≈≈≈♣♣...# ♣≈ ..P.. P
.P#$# .##.#


You could see a hobgoblin and a rat.

Vanquished Creatures
  A gnoll (D:1)
  An endoplasm (D:1)
  2 giant cockroaches (D:1)
  A hobgoblin (D:1)
  2 ball pythons (D:1)
  A kobold (D:1)
8 creatures vanquished.

Notes
Turn   | Place    | Note
-------+----------+-------------------------------------------
     0 | D:1      | tatocazan the Demonspawn Venom Mage began the quest for the
                  | Orb.
     0 | D:1      | Reached XP level 1. HP: 13/13 MP: 3/3
    90 | D:1      | Reached skill level 1 in Transmutations
   356 | D:1      | Gained mutation: You have sharp fingernails. [demonic
                  | ancestry]
   356 | D:1      | Reached XP level 2. HP: 6/19 MP: 0/5
   690 | D:1      | Slain by a hobgoblin

Illustrated notes

Levels and vault maps discovered:
D:1:      lightli_arrival_chessboard, layout_loops_ring, minmay_strange_pillars,
          serial_bayou_pond_a

Skill      XL: |  1 |
---------------+----+-----
Transmutations | 1 |  1.2
Dodging        | 2 |  2.0
Stealth        | 2 |  2.1
Spellcasting   | |  2.2
Poison Magic   | |  3.1

Action                   || total
-------------------------++-------
Melee: Unarmed           ||     5
       Punch             ||     1
 Cast: Sting             ||    13
Armor: Robe              ||     2
Dodge: Dodged            ||    12

Table legend: (Time is in decaauts)
 A = Elapsed time spent in this place.
 B = Non-inter-level travel time spent in this place.
 C = Inter-level travel time spent in this place.
 D = Time resting spent in this place.
 E = Time spent auto-exploring this place.
 F = Levels seen in this place.
 G = Mean time per level.
                   A        B        C        D        E       F      G
               +--------+--------+--------+--------+--------+-----+--------+
         Total |    690 |    690 |      0 |    447 |    164 |   1 |  690.0 |
       Dungeon |    690 |    690 |      0 |    447 |    164 |   1 |  690.0 |
               +--------+--------+--------+--------+--------+-----+--------+

Top non-repeatable levels by time:
     D:1: 690 daAuts
